 Dungeon Crawl Stone Soup version 0.20.1-1-g8b1a95d (webtiles) character file.

550 vineage the Slasher (level 7, -2/54 HPs)
             Began as a Demonspawn Berserker on Sept 24, 2017.
             Was a Priest of Trog.
             Slain by a killer bee zombie (5 damage)
             ... on level 5 of the Dungeon.
             The game lasted 00:05:13 (3334 turns).

vineage the Slasher (Demonspawn Berserker)          Turns: 3334, Time: 00:05:14

Health: -2/54      AC: 12    Str: 19    XL:     7   Next: 7%
Magic:  0/7        EV: 11    Int:  8    God:    Trog [***...]
Gold:   154        SH:  3    Dex: 13    Spells: 6/6 levels left

rFire    + + .     SeeInvis .   a - +0 falchion
rCold    + . .     Gourm    .   k - +0 buckler
rNeg     . . .     Faith    .   m - +2 ring mail {rC+}
rPois    .         Spirit   +   n - +0 helmet
rElec    .         Reflect  .   (no cloak)
rCorr    .         Harm     .   j - +0 pair of gloves
MR       .....                  (no boots)
Stlth    ++........             (no amulet)
Regen    0.2/turn               h - ring of stealth
MPRegen  0.1/turn               q - ring of protection from fire

@: berserk cooldown, flying, starving, slowed, very slow
A: claws 2, icy blue scales 1, fire resistance 1, evolution 1, magic shield
a: Berserk, Trog's Hand, Burn Spellbooks, Renounce Religion


You were on level 5 of the Dungeon.
You worshipped Trog.
Trog was most pleased with you.
You were starving.

You visited 1 branch of the dungeon, and saw 5 of its levels.

You collected 154 gold pieces.

Inventory:

Hand Weapons
 a - a +0 falchion (weapon)
Armour
 b - a +0 animal skin
 j - a +0 pair of gloves (worn)
 k - a +0 buckler (worn)
 m - a +2 ring mail of cold resistance (worn)
 n - a +0 helmet (worn)
Jewellery
 h - a ring of stealth (left hand)
 q - a ring of protection from fire (right hand)
 r - an uncursed ring of fire
Wands
 u - a wand of confusion (21/48)
 w - a wand of scattershot (6/9)
Scrolls
 d - a scroll of blinking {unknown}
 e - 2 scrolls of identify
 i - a scroll of remove curse
 p - a scroll of noise {unknown}
 t - a scroll of immolation
Potions
 f - a potion of agility
 v - 3 potions of flight
Comestibles
 c - 5 bread rations
 l - a royal jelly
 o - 2 meat rations


   Skills:
 + Level 4.2 Fighting
 + Level 5.0 Long Blades
 + Level 3.2 Armour
 + Level 3.0 Dodging
 + Level 2.6 Stealth
 + Level 0.1 Shields


You had 6 spell levels left.
You didn't know any spells.

Dungeon Overview and Level Annotations

Branches:
Dungeon (5/15)             Temple (0/1) D:5

Altars:
Ashenzari


Innate Abilities, Weirdness & Mutations

You have very sharp fingernails.
You are partially covered in icy blue scales. (AC +2)
When hurt, damage is shared between your health and your magic reserves.
Your flesh is heat resistant. (rF+)
You evolve.


Message History

The killer bee zombie closely misses you.
You riposte.
You barely miss the killer bee zombie.
The killer bee zombie is lightly damaged.
The killer bee zombie hits you.
* * * LOW HITPOINT WARNING * * *
You closely miss the killer bee zombie.
The killer bee zombie is lightly damaged.
The killer bee zombie hits you.
* * * LOW HITPOINT WARNING * * *
The killer bee zombie closely misses you.
You block the killer bee zombie's attack.
It was a potion of mutation.
You feel extremely strange.
You feel nature experimenting on you.
Don't worry, failures die fast.
You feel resistant to heat. The killer bee zombie misses you. x2
You feel very buoyant.
You fly up into the air.
The killer bee zombie barely misses you.
The killer bee zombie hits you.
You die...

################.##...##.#.##
#................###..##.#.#
#.################ #..##.#.#
#..........# .. ...##.#.#
#....#####.####.# #.##.#..
##.#.##.(.......## .##.#.#
#.#....#)........ .....
#.######..###### #.# #.oZ@..#
#.# #.o###.# #.# #..# # #.
#... #.## #.. ... .# #.# #.#
.# . #.# #.# .# #.# #.##.##


You could see 2 orcs and a killer bee zombie.

Vanquished Creatures
  The ghost of hilaritas the Sneak, an amateur SpAs of Lugonu (D:3)
  A centaur (D:5)
  A crimson imp (D:3)
  2 orc wizards (D:5)
  An orc priest (D:3)
  Jessica (D:2)
  2 worker ants
  2 hound zombies
  5 adders
  2 oozes
  4 worms
  3 dart slugs
  3 leopard geckos (D:2)
  6 orcs
  A ball python (D:3)
  A giant cockroach (D:4)
  5 goblins
  6 hobgoblins
  4 jackals (D:2)
  12 kobolds
  2 quokkas
  7 bats
  4 frilled lizards
  7 rats
83 creatures vanquished.

Vanquished Creatures (others)
  An orc (D:5)
1 creature vanquished.

Grand Total: 84 creatures vanquished

Notes
Turn   | Place    | Note
-------+----------+-------------------------------------------
     0 | D:1      | vineage the Demonspawn Berserker began the quest for the Orb.
     0 | D:1      | Reached XP level 1. HP: 18/18 MP: 1/1
     6 | D:1      | Noticed a lindwurm
     6 | D:1      | Noticed a water moccasin
     7 | D:1      | Noticed a crocodile
   252 | D:1      | Gained mutation: You are partially covered in icy blue scales. (AC +2) [demonic ancestry]
   252 | D:1      | Reached XP level 2. HP: 24/24 MP: 2/2
   285 | D:1      | Reached skill level 3 in Long Blades
   798 | D:2      | Gained mutation: When hurt, damage is shared between your health and your magic reserves. [demonic ancestry]
   798 | D:2      | Reached XP level 3. HP: 29/29 MP: 3/3
   849 | D:2      | Noticed Jessica
   873 | D:2      | Killed Jessica
   873 | D:2      | Reached XP level 4. HP: 16/35 MP: 1/4
  1129 | D:2      | Reached ** piety under Trog
  1283 | D:2      | Reached skill level 1 in Stealth
  1810 | D:3      | Reached skill level 4 in Long Blades
  1810 | D:3      | Reached XP level 5. HP: 35/42 MP: 3/5
  1885 | D:3      | Noticed hilaritas's ghost (amateur SpAs)
  1896 | D:3      | Killed hilaritas's ghost
  1920 | D:3      | Gained mutation: You have sharp fingernails. [demonic ancestry]
  1920 | D:3      | Reached XP level 6. HP: 48/48 MP: 6/6
  2328 | D:4      | Found a shattered altar of Ashenzari.
  2892 | D:5      | Entered Level 5 of the Dungeon
  2938 | D:5      | Reached *** piety under Trog
  3080 | D:5      | Found a staircase to the Ecumenical Temple.
  3317 | D:5      | Gained mutation: You have very sharp fingernails. [demonic ancestry]
  3317 | D:5      | Reached XP level 7. HP: 15/54 MP: 0/7
  3322 | D:5      | Reached skill level 5 in Long Blades
  3325 | D:5      | HP: 2/54 [orc/hand axe of electrocution (4)]
  3332 | D:5      | HP: 2/54 [killer bee zombie (3)]
  3333 | D:5      | Gained mutation: You evolve. [potion of mutation]
  3333 | D:5      | Gained mutation: Your flesh is heat resistant. (rF+) [potion of mutation]
  3334 | D:5      | Slain by a killer bee zombie

Skill      XL: |  1  2  3  4  5  6  7 |
---------------+----------------------+-----
Armour         | 2 3 |  3.2
Long Blades    | 3 4 5 |  5.0
Dodging        | 2 3 |  3.0
Stealth        | 1 2 |  2.6
Fighting       | 4 |  4.2
Shields        | |  0.1

Action                   |  1- 3 |  4- 6 |  7- 9 || total
-------------------------+-------+-------+-------++-------
Melee: Falchion          |    80 |   241 |    11 ||   332
Invok: Berserk           |     1 |     2 |       ||     3
       Trog's Hand       |       |     1 |       ||     1
  Use: Potion            |     1 |     1 |     3 ||     5
       Scroll            |       |     9 |       ||     9
 Stab: Sleeping          |     1 |    10 |       ||    11
  Eat: Chunk             |       |     7 |       ||     7
       Royal jelly       |       |     1 |       ||     1
Armor: Animal skin       |    23 |       |       ||    23
       Ring mail         |    13 |   107 |    12 ||   132
Dodge: Dodged            |    50 |   156 |    16 ||   222
Block: Buckler           |       |    10 |     1 ||    11
       Rpst.: Falchion   |    19 |    40 |     3 ||    62
